 Dungeon Sprint DCSS version 0.21.1-1-g345015f (webtiles) character file.

10490 Fang the Impaler (level 11, -1/118 HPs)
             Began as a Minotaur Berserker on May 2, 2018.
             Was the Champion of Trog.
             Slain by a soul eater (9 damage)
             ... in the Dungeon (Sprint V: "Ziggurat Sprint").
             The game lasted 00:05:41 (1205 turns).

Fang the Impaler (Minotaur Berserker)               Turns: 1205, Time: 00:05:42

Health: -1/118     AC: 24    Str: 26    XL:     11   Next: 36%
Magic:  10/10      EV: 12    Int:  4    God:    Trog [******]
Gold:   0          SH:  3    Dex:  9    Spells: 10/10 levels left

rFire    . . .     SeeInvis +   l - +5 demon trident (drain)
rCold    . . .     Gourm    .   (no shield)
rNeg     . . .     Faith    .   j - +5 shadow dragon scales
rPois    .         Spirit   .   I - +0 mask of the Dragon {MR+ Slay+3 SInv}
rElec    .         Reflect  +   (no cloak)
rCorr    .         Harm     .   (no gloves)
MR       +....     NoTele   +   a - +2 pair of boots of the Assassin {Detection Stab+ Stlth++}
Stlth    +++++++++.             C - +3 amulet of reflection
HPRegen  0.29/turn              G - ring of flight
MPRegen  0.12/turn              B - ring of Shadows {Umbra +Inv Stlth+}

@: berserk cooldown, slowed, wreathed by umbra, very slow
A: retaliatory headbutt, horns 2
a: Berserk, Trog's Hand, Brothers in Arms, Burn Spellbooks, Renounce Religion,
Evoke Invisibility, Evoke Flight


You were in the Dungeon.
You worshipped Trog.
Trog was exalted by your worship.
You were near starving.

You visited 1 branch

Inventory:

Hand Weapons
 l - a +5 demon trident of draining (weapon)
 J - a +4 hand axe of flaming
Missiles
 k - 8 poisoned javelins (quivered)
Armour
 a - the +2 pair of boots of the Assassin (worn) {Detection Stab+ Stlth++}
   (You found it in the Dungeon)

   It makes you much more stealthy.
 j - +5 shadow dragon scales (worn)
 I - the +0 mask of the Dragon (worn) {MR+ Slay+3 SInv}
   (You found it in the Dungeon)

   It affects your accuracy and damage with ranged weapons and melee attacks
   (+3).
   It affects your resistance to hostile enchantments.
   It lets you see invisible.
Jewellery
 b - an uncursed ring of protection from magic
 B - the ring of Shadows (right hand) {Umbra +Inv Stlth+}
   (You found it in the Dungeon)

   [ring of stealth]

   It lets you turn invisible.
   It makes you more stealthy.
 C - a +3 amulet of reflection (around neck)
 G - a ring of flight (left hand)
Wands
 x - a wand of disintegration (7)
 y - a wand of iceblast (7)
 z - a wand of acid (7)
Scrolls
 i - 4 scrolls of blinking
 m - 7 scrolls of fog
 n - a scroll of holy word
 o - 5 scrolls of identify
 p - 5 scrolls of remove curse
 q - 2 scrolls of fear
 A - 2 scrolls of brand weapon
Potions
 d - 10 potions of curing
 e - 10 potions of heal wounds
 f - 6 potions of haste
 g - 7 potions of magic
 h - 3 potions of berserk rage
 r - 2 potions of brilliance
 s - 2 potions of invisibility
 t - 4 potions of resistance
 u - a potion of experience
 v - 5 potions of agility
 w - 5 potions of might
Miscellaneous
 D - a phial of floods
Comestibles
 c - 7 rations
 E - 15 chunks of flesh


   Skills:
 + Level 17.8 Fighting
 + Level 11.5(16.2) Axes
 + Level 18.5(19.4) Polearms
 + Level 13.5 Armour
 + Level 7.8 Dodging
 + Level 5.0 Stealth


You had 10 spell levels left.
You didn't know any spells.

Dungeon Overview and Level Annotations

Branches:
Dungeon (1/1)

Altars:
Ashenzari
Cheibriados
Dithmenos
Elyvilon
Fedhas
Gozag
Hepliaklqana
Kikubaaqudgha
Makhleb
Nemelex Xobeh
Okawaru
Qazlal
Ru
Sif Muna
Trog
Uskayaw
Vehumet
Wu Jian
Xom
Yredelemnul
Zin
The Shining One
Beogh
Jiyva
Lugonu

Annotations:
D 1 transporter


Innate Abilities, Weirdness & Mutations

You reflexively headbutt those who attack you in melee.
You have a pair of horns on your head.


Message History

Your life force feels restored.
Your base Polearms skill increases to level 18!
Your Armour skill increases to level 13!
Your Stealth skill increases to level 5!
You are no longer berserk.
Trog's vigour flows through your veins.
You are exhausted.
You feel yourself slow down.
Things that are here:
+0 shadow dragon scales; a shadow dragon corpse Unknown command.
You puncture the soul eater!
You headbutt the soul eater, but do no damage.
The soul eater is almost dead.
The soul eater hits you!
* * * LOW HITPOINT WARNING * * *
You hit the soul eater but do no damage.
The soul eater is almost dead.
The soul eater hits you!
You die...

▓....©)...▓...©...▓
▓▓▓▓▓▓▓▓▓▓▓▓▓▓▓▓▓▓▓▓▓
▓...8©8...▓...8©8...▓
▓...)"))..▓..).).)..▓
▓..[|:|=..▓...})})..▓
▓.........▓.........▓
▓.........▓......(..▓
▓.........▓...))(...▓
▓...3@....▓....))...▓
▓.........▓.▓.....▓.▓
▓.▓..)..▓.▓....©(...▓
▓....©....▓▓▓▓▓▓▓▓▓▓▓
▓▓▓▓▓▓▓▓▓▓▓


{{{{{{{{ {{{{{{{{{ {{{{{{{{ You could see a soul eater.

Vanquished Creatures
  A shadow dragon (D)
  4 two-headed ogres (D)
  2 soul eaters (D)
  2 cyclopes (D)
  A spiny frog (D)
  A rime drake (D)
  3 merfolk (D)
  A troll (D)
  2 polar bears (D)
  2 slime creatures (D)
  2 hippogriffs (D)
  Sigmund (D)
  A golden eye (D)
  2 floating eyes (D)
  A porcupine (D)
  8 ogres (D)
  An ice beast (D)
  2 wolves (D)
  3 centaurs (D)
  Blork the orc (D)
  A bullfrog (D)
  A crimson imp (D)
  A jelly (D)
  Crazy Yiuf (D)
  An iron imp (D)
  Jessica (D)
  An iguana (D)
  A mummy (D)
  A white imp (D)
  An ufetubus (D)
  3 oozes (D)
  A spectral bat (D)
  2 bat skeletons (D)
  A ball python simulacrum (D)
  A ball python zombie (D)
  A giant cockroach simulacrum (D)
  A quokka skeleton (D)
  A spectral giant cockroach (D)
  A spectral leopard gecko (D)
63 creatures vanquished.

Vanquished Creatures (others)
  A spatial maelstrom (D)
1 creature vanquished.

Grand Total: 64 creatures vanquished

Notes
Turn   | Place    | Note
-------+----------+-------------------------------------------
     0 | D        | Found the +6 Majin-Bo {vamp, Archmagi MP+6 Int+6}
     0 | D        | Found the +7 great mace "Firestarter" {inner flame, rF++}
     0 | D        | Fang the Minotaur Berserker began the quest for the Orb.
     0 | D        | Reached XP level 1. HP: 19/19 MP: 0/0
     3 | D        | Found a blossoming altar of Fedhas.
     4 | D        | Found a viscous altar of Jiyva.
     4 | D        | Found a hazy altar of Hepliaklqana.
     4 | D        | Found a transporter.
     4 | D        | Found an opulent altar of Gozag.
     4 | D        | Found an ancient bone altar of Kikubaaqudgha.
     4 | D        | Found a corrupted altar of Lugonu.
     5 | D        | Banished a spatial maelstrom
    10 | D        | Found a burning altar of Makhleb.
    11 | D        | Found a stormy altar of Qazlal.
    11 | D        | Found a sacrificial altar of Ru.
    11 | D        | Found an iron altar of Okawaru.
    11 | D        | Found a deep blue altar of Sif Muna.
    11 | D        | Found a sparkling altar of Nemelex Xobeh.
    11 | D        | Found a bloodstained altar of Trog.
    73 | D        | Entered arena 2.
    73 | D        | Found a transporter.
    76 | D        | Reached skill level 5 in Fighting
    76 | D        | Reached XP level 2. HP: 29/29 MP: 1/1
   123 | D        | Entered arena 3.
   123 | D        | Noticed a crimson imp
   123 | D        | Found a transporter.
   129 | D        | Reached ** piety under Trog
   129 | D        | Reached skill level 5 in Axes
   129 | D        | Reached skill level 1 in Polearms
   129 | D        | Reached XP level 3. HP: 37/37 MP: 2/2
   139 | D        | Reached skill level 2 in Polearms
   139 | D        | Reached XP level 4. HP: 44/47 MP: 3/3
   154 | D        | Entered arena 4.
   154 | D        | Noticed Sigmund
   154 | D        | Noticed Jessica
   154 | D        | Noticed Blork the orc
   154 | D        | Noticed Crazy Yiuf
   154 | D        | Found a transporter.
   155 | D        | Found the ring of Shadows {Umbra +Inv Stlth+}
   159 | D        | Killed Crazy Yiuf
   159 | D        | Reached skill level 3 in Polearms
   160 | D        | Killed Jessica
   160 | D        | Reached *** piety under Trog
   160 | D        | Reached XP level 5. HP: 55/55 MP: 4/4
   162 | D        | Killed Blork the orc
   162 | D        | Reached skill level 4 in Polearms
   164 | D        | Killed Sigmund
   164 | D        | Reached **** piety under Trog
   164 | D        | Received a gift from Trog
   164 | D        | Reached skill level 10 in Fighting
   164 | D        | Reached skill level 6 in Polearms
   164 | D        | Reached skill level 5 in Armour
   164 | D        | Reached XP level 6. HP: 67/67 MP: 5/5
   207 | D        | Entered arena 5.
   207 | D        | Noticed a floating eye
   207 | D        | Noticed a floating eye
   207 | D        | Found a transporter.
   210 | D        | Killed a floating eye
   210 | D        | Reached skill level 10 in Axes
   210 | D        | Reached skill level 5 in Dodging
   212 | D        | Paralysed by a floating eye for 4 turns
   217 | D        | Killed a floating eye
   217 | D        | Reached skill level 7 in Polearms
   217 | D        | Reached XP level 7. HP: 70/75 MP: 6/6
   248 | D        | Entered arena 6.
   248 | D        | Noticed a golden eye
   248 | D        | Noticed a slime creature
   248 | D        | Noticed a slime creature
   248 | D        | Found a transporter.
   257 | D        | Killed a slime creature
   257 | D        | Reached ***** piety under Trog
   257 | D        | Reached skill level 8 in Polearms
   257 | D        | Reached skill level 1 in Stealth
   259 | D        | Received a gift from Trog
   270 | D        | Killed a slime creature
   270 | D        | Reached skill level 9 in Polearms
   334 | D        | Killed a golden eye
   334 | D        | Reached XP level 8. HP: 85/86 MP: 7/7
   394 | D        | Entered arena 7.
   394 | D        | Noticed a spiny frog
   395 | D        | Found the +2 pair of boots of the Assassin {Detection Stab+ Stlth++}
   395 | D        | Found a transporter.
   401 | D        | Received a gift from Trog
   404 | D        | Reached skill level 10 in Polearms
   409 | D        | Killed a spiny frog
   411 | D        | Reached ****** piety under Trog
   411 | D        | Reached skill level 11 in Polearms
   602 | D        | Entered arena 8.
   602 | D        | Noticed a two-headed ogre
   602 | D        | Noticed a troll
   602 | D        | Noticed a two-headed ogre
   603 | D        | Found the +0 mask of the Dragon {MR+ Slay+3 SInv}
   604 | D        | Found a transporter.
   609 | D        | Killed a troll
   609 | D        | Received a gift from Trog
   614 | D        | Killed a two-headed ogre
   614 | D        | Reached skill level 13 in Polearms
   614 | D        | Reached XP level 9. HP: 96/96 MP: 8/8
   618 | D        | Killed a two-headed ogre
   618 | D        | Reached skill level 15 in Fighting
   618 | D        | Reached skill level 14 in Polearms
   646 | D        | Identified Naesmogh's Incunabulum of Venom and Calling
   663 | D        | Entered arena 9.
   663 | D        | Noticed a polar bear
   663 | D        | Noticed a polar bear
   663 | D        | Noticed a rime drake
   664 | D        | Found a transporter.
   669 | D        | Killed a polar bear
   673 | D        | Received a gift from Trog
   677 | D        | Killed a rime drake
   677 | D        | Reached skill level 15 in Polearms
   677 | D        | Reached skill level 10 in Armour
   677 | D        | Reached XP level 10. HP: 75/106 MP: 9/9
   797 | D        | Entered arena 10.
   798 | D        | Found a transporter.
   803 | D        | Received a gift from Trog
   807 | D        | Received a gift from Trog
   818 | D        | Reached skill level 16 in Polearms
   965 | D        | Entered arena 11.
   965 | D        | Noticed a two-headed ogre
   965 | D        | Noticed a two-headed ogre
   965 | D        | Noticed a cyclops
   965 | D        | Noticed a cyclops
   967 | D        | Found a transporter.
   974 | D        | Killed a cyclops
   974 | D        | Received a gift from Trog
   977 | D        | Killed a two-headed ogre
   980 | D        | Killed a two-headed ogre
   980 | D        | Reached skill level 17 in Polearms
   988 | D        | Killed a cyclops
   988 | D        | Reached XP level 11. HP: 70/116 MP: 10/10
   990 | D        | Received a gift from Trog
  1162 | D        | Entered arena 12.
  1162 | D        | Noticed a soul eater
  1162 | D        | Noticed a soul eater
  1163 | D        | Noticed a soul eater
  1163 | D        | Noticed a shadow dragon
  1164 | D        | Found a transporter.
  1169 | D        | Received a gift from Trog
  1169 | D        | Received a gift from Trog
  1174 | D        | Killed a soul eater
  1184 | D        | Killed a soul eater
  1202 | D        | Killed a shadow dragon
  1202 | D        | Received a gift from Trog
  1202 | D        | Reached skill level 18 in Polearms
  1202 | D        | Reached skill level 5 in Stealth
  1205 | D        | Slain by a soul eater

Skill      XL: |  1  2  3  4  5  6  7  8  9 10 11 |
---------------+----------------------------------+-----
Fighting       | 5 6 7 8 10 11 13 14 15 16 17 | 17.8
Axes           | 4 5 6 7 9 10 11 | 11.5
Armour         | 3 4 5 7 9 10 12 13 | 13.5
Polearms       | 1 2 3 6 7 9 13 15 17 18 | 18.5
Dodging        | 3 4 5 6 7 |  7.8
Stealth        | 1 3 4 5 |  5.0

Action                   |  1- 3 |  4- 6 |  7- 9 | 10-12 || total
-------------------------+-------+-------+-------+-------++-------
Melee: Demon trident     |    16 |    11 |    66 |    78 ||   171
       Headbutt          |     2 |     3 |    13 |    14 ||    32
Invok: Berserk           |     1 |     1 |     1 |     3 ||     6
       Burn Spellbooks   |       |       |     1 |     2 ||     3
  Use: Scroll            |     1 |       |       |       ||     1
 Stab: Sleeping          |       |     1 |       |       ||     1
  Eat: Chunk             |       |       |     2 |     3 ||     5
Armor: Shadow dragon sca |     8 |     5 |    25 |    38 ||    76
Dodge: Dodged            |    12 |     7 |    43 |    56 ||   118
Block: Other             |       |       |     5 |    12 ||    17
       Reflection        |       |       |       |     1 ||     1
